 Dungeon Crawl Stone Soup version 0.22-a0-247-gbddf880 (webtiles) character file.

12168 b5mith the Fighter (level 11, -2/103 HPs)
             Began as a Minotaur Berserker on Feb 23, 2018.
             Was a High Priest of Trog.
             Slain by a sixfirhy (13 damage)
             ... summoned by an obsidian statue
             ... on level 10 of the Dungeon.
             The game lasted 00:40:08 (12516 turns).

b5mith the Fighter (Minotaur Berserker)            Turns: 12516, Time: 00:40:09

Health: -2/103     AC: 11    Str: 28    XL:     11   Next: 58%
Magic:  10/10      EV: 16    Int:  6    God:    Trog [*****.]
Gold:   599        SH:  0    Dex: 10    Spells: 10/10 levels left

rFire    + . .     SeeInvis .   y - +1 triple sword (slice)
rCold    . . .     Gourm    +   (shield currently unavailable)
rNeg     . . .     Faith    .   H - +3 leather armour
rPois    .         Spirit   .   (helmet restricted)
rElec    .         Reflect  .   r - +0 cloak
rCorr    .         Harm     .   (no gloves)
MR       .....                  M - +1 pair of boots
Stlth    +.........             s - amulet of the gourmand
HPRegen  0.27/turn              u - ring of protection from fire
MPRegen  0.12/turn              Y - +5 ring of strength

@: flying (expiring), mesmerised
A: retaliatory headbutt, horns 2
a: Berserk, Trog's Hand, Brothers in Arms, Renounce Religion


You were on level 10 of the Dungeon.
You worshipped Trog.
Trog was extremely pleased with you.
You were completely stuffed.

You visited 1 branch of the dungeon, and saw 11 of its levels.

You collected 599 gold pieces.

Inventory:

Hand Weapons
 y - a +1 triple sword of slicing (weapon)
 O - a +7 scimitar
 W - a cursed +2 long sword
Missiles
 A - 7 tomahawks (quivered)
 Z - 8 javelins
Armour
 a - a +0 troll leather armour
 r - a +0 cloak (worn)
 H - a +3 leather armour (worn)
 M - a +1 pair of boots (worn)
Jewellery
 q - an uncursed ring of fire
 s - an amulet of the gourmand (around neck)
 u - a ring of protection from fire (left hand)
 D - an uncursed ring of stealth
 G - an uncursed ring of ice
 S - a +2 ring of protection
 V - an uncursed ring of protection from magic
 Y - a +5 ring of strength (right hand)
Wands
 b - a wand of random effects (24)
 f - a wand of polymorph (11)
 v - a wand of disintegration (18)
 w - a wand of acid (9)
 x - a wand of enslavement (14)
 L - a wand of flame (4)
Scrolls
 g - 4 scrolls of remove curse {@r2}
 k - 3 scrolls of magic mapping
 m - 2 scrolls of blinking {unknown}
 n - 6 scrolls of teleportation
 t - 2 scrolls of fear
 C - 3 scrolls of identify {@r1}
 F - a scroll of enchant armour {unknown}
 J - a scroll of holy word {unknown}
 P - a scroll of random uselessness {unknown}
 T - a scroll of enchant weapon
 X - 3 scrolls of fog {unknown}
Potions
 e - 9 potions of curing {@q1}
 h - a potion of resistance {unknown}
 i - 2 potions of mutation {unknown}
 o - 4 potions of flight
 p - 2 potions of agility
 z - a potion of degeneration {unknown}
 I - a potion of might {unknown}
 K - a potion of lignification {unknown}
 N - 2 potions of cancellation {unknown}
 Q - 2 potions of magic
 R - a potion of heal wounds {unknown}
 U - a potion of invisibility {unknown}
Comestibles
 c - 25 rations


   Skills:
 + Level 11.6 Fighting
 + Level 11.5 Long Blades
 + Level 11.2 Armour
 + Level 10.4 Dodging


You had 10 spell levels left.
You didn't know any spells.

Dungeon Overview and Level Annotations

Branches:
Dungeon (11/15)            Temple (0/1) D:7            Lair (0/6) D:10
    Orc: D:9-12

Altars:
Elyvilon
Trog

Shops:
D:10 *

Annotations:
D:10 exclusion: obsidian statue


Innate Abilities, Weirdness & Mutations

You reflexively headbutt those who attack you in melee.
You have a pair of horns on your head.


Message History

The smoke demon completely misses you. The smoke demon hits you.
* * * LOW HITPOINT WARNING * * *
The sixfirhy hits you!
* * * LOW HITPOINT WARNING * * *
The sixfirhy shocks you!
* * * LOW HITPOINT WARNING * * *
The obsidian statue slips into the dungeon's darkness for a moment.
The obsidian statue's eyes glow briefly.
You see here 18 arrows.
As you read the scroll of fear, it crumbles to dust.
You assume a fearsome visage.
The ynoxinul is unaffected.
The smoke demon is unaffected.
The sixfirhy is unaffected.
The ufetubus is unaffected. x2; The white imp is unaffected.
The obsidian statue is unaffected.
You are starting to lose your buoyancy.
The sixfirhy misses you. You furiously retaliate!
You headbutt the sixfirhy!
You riposte.
You slash the sixfirhy! Your headbutt misses the sixfirhy.
The sixfirhy is severely wounded.
The sixfirhy hits you!
You die...

####.#####.#############.####..#
...............# #.........#
..#......#.###.## #.#.###...#
..#...##.#..##..######...# #(..#
..#...##.#......[...####.# #...#
..#...##.#....≈≈≈...# #..# #...#
..#...#..#...##≈##..###.####...#
#.#.........≈#)3|#≈....∩....(..##
#....##.###.≈538@§≈...#.#........
#....#......≈#535#§...#...######.
#..#.#..###..##≈##....##### #...
#..#.#..# #..§≈≈≈.§...# #.#. #
...#..# #.........####### #.#.
#..#..######............# #.#.
#..#..#....#.###..#####.# #.#.
#.##.#...........#..# #.# #.#.
#..^>..##.<#.#.#.#..# #.# #.##


You could see an obsidian statue, a sixfirhy, a smoke demon, a ynoxinul, a white
imp and 2 ufetubi.

Vanquished Creatures
  An ice dragon (D:11)
  Harold (D:10)
  The ghost of enarc13 the Quickloader, a journeyman BaAM of Gozag (D:9)
  A two-headed ogre (D:8)
  A komodo dragon (D:10)
  A troll (D:11)
  2 polar bears (D:11)
  3 hippogriffs
  A shadow (D:10)
  14 yaks
  A wyvern (D:10)
  A hungry ghost (D:10)
  3 hogs (D:7)
  A human (D:7)
  Edmund (D:5)
  3 orc warriors
  7 sky beasts
  An ice beast (D:5)
  An eye of draining (D:11)
  2 phantoms
  A wolf (D:11)
  An ogre (D:9)
  5 centaurs
  4 bullfrogs
  2 gnoll sergeants
  5 scorpions
  6 killer bees
  9 wights
  6 howler monkeys
  3 crimson imps
  4 jellies
  A bullfrog skeleton (D:8)
  2 centaur zombies (D:5)
  5 orc priests
  A centaur skeleton (D:10)
  2 hounds
  14 orc wizards
  3 iguanas
  5 worker ants
  A killer bee zombie (D:9)
  A worker ant zombie (D:9)
  12 gnolls
  18 adders
  3 shadow imps
  2 adder zombies
  An adder skeleton (D:4)
  5 worms
  2 dart slugs
  3 leopard geckos
  41 orcs
  2 ball pythons (D:2)
  17 bats
  6 giant cockroaches
  7 hobgoblins
  14 jackals
  7 kobolds
  A quokka (D:5)
  4 frilled lizards
  6 goblins
  A jackal zombie (D:5)
  A leopard gecko skeleton (D:8)
  A quokka zombie (D:8)
  7 rats
289 creatures vanquished.

Vanquished Creatures (others)
  14 fungi (D:6)
  5 plants (D:10)
19 creatures vanquished.

Grand Total: 308 creatures vanquished

Notes
Turn   | Place    | Note
-------+----------+-------------------------------------------
     0 | D:1      | b5mith the Minotaur Berserker began the quest for the Orb.
     0 | D:1      | Reached XP level 1. HP: 19/19 MP: 0/0
   205 | D:1      | Reached XP level 2. HP: 27/27 MP: 1/1
   853 | D:2      | Lost intelligence.
   945 | D:2      | Reached XP level 3. HP: 27/33 MP: 2/2
  1006 | D:2      | Reached ** piety under Trog
  1020 | D:2      | Reached XP level 4. HP: 11/40 MP: 3/3
  1705 | D:3      | Reached XP level 5. HP: 39/47 MP: 4/4
  2152 | D:4      | Reached skill level 5 in Long Blades
  2156 | D:4      | Reached skill level 5 in Fighting
  2325 | D:4      | Found a bloodstained altar of Trog.
  2352 | D:4      | Noticed a phantom
  2368 | D:4      | Reached XP level 6. HP: 52/56 MP: 5/5
  2371 | D:4      | Reached *** piety under Trog
  2763 | D:5      | Entered Level 5 of the Dungeon
  2912 | D:5      | Noticed an ice beast
  2922 | D:5      | Reached skill level 5 in Armour
  2922 | D:5      | Reached XP level 7. HP: 62/62 MP: 6/6
  3128 | D:5      | Found a glowing drain.
  3579 | D:6      | Reached skill level 5 in Dodging
  3586 | D:6      | Noticed Edmund
  3726 | D:5      | Killed Edmund
  3802 | D:6      | Reached XP level 8. HP: 56/71 MP: 7/7
  4794 | D:6      | Reached **** piety under Trog
  5504 | D:7      | Reached XP level 9. HP: 56/81 MP: 8/8
  5708 | D:7      | Found a white marble altar of Elyvilon.
  5982 | D:7      | Found a staircase to the Ecumenical Temple.
  6733 | D:8      | Reached ***** piety under Trog
  7497 | D:8      | Noticed a two-headed ogre
  7504 | D:8      | Killed a two-headed ogre
  7504 | D:8      | Reached XP level 10. HP: 51/91 MP: 9/9
  8324 | D:9      | Noticed enarc13's ghost (journeyman BaAM)
  8354 | D:9      | Killed enarc13's ghost
  8354 | D:9      | Received a gift from Trog
  8836 | D:9      | Reached skill level 10 in Fighting
  8836 | D:9      | Reached skill level 10 in Long Blades
  9181 | D:9      | Reached skill level 10 in Armour
  9720 | D:10     | Entered Level 10 of the Dungeon
  9807 | D:10     | Noticed Harold
  9821 | D:10     | Killed Harold
  9983 | D:10     | Reached XP level 11. HP: 101/101 MP: 10/10
 10032 | D:10     | Found a staircase to the Lair.
 10421 | D:10     | Found Lupeanepa's General Store.
 10474 | D:10     | Noticed an obsidian statue
 10481 | D:10     | Noticed a sun demon
 11478 | D:11     | Reached skill level 10 in Dodging
 12098 | D:11     | Noticed an ice dragon
 12114 | D:11     | Killed an ice dragon
 12514 | D:10     | Noticed a sixfirhy
 12516 | D:10     | Slain by a sixfirhy

Vault maps used:
D:1:      saegor_arrival_simple_d, serial_bayou_pond_a
D:3:      first_ration, minmay_cupped
D:4:      lemuel_crystal_altar, grunt_ministairs_2, kennysheep_small_square
D:5:      portal_sewer_entry_d
D:6:      old_forge, kennysheep_small_circle, uniq_edmund
D:7:      minmay_temple_entry_butterflies, grunt_livestock, elyvilon_altar_1
D:8:      kennysheep_generic_room_15
D:9:      hangedman_decor_points
D:10:     david_lair_shrubbed, serial_shops, nicolae_shop_crystal, minivault_15,
          grunt_decor_cap, uniq_harold
D:11:     portal_ice_cave_entry_animals_and_master

Skill      XL: |  1  2  3  4  5  6  7  8  9 10 11 |
---------------+----------------------------------+-----
Long Blades    | 4 5 6 8 9 10 11 | 11.5
Fighting       | 4 5 6 7 9 10 11 | 11.6
Armour         | 3 4 5 6 7 9 10 11 | 11.2
Dodging        | 3 4 5 6 8 9 10 | 10.4

Action                   |  1- 3 |  4- 6 |  7- 9 | 10-12 || total
-------------------------+-------+-------+-------+-------++-------
Melee: Falchion          |    73 |   112 |   376 |    26 ||   587
       Headbutt          |     9 |    23 |    80 |    65 ||   177
       Unarmed           |       |       |    19 |       ||    19
       Triple sword      |       |       |       |   215 ||   215
       Scimitar          |       |       |       |    33 ||    33
Throw: Tomahawk          |       |       |     8 |    15 ||    23
Invok: Berserk           |       |     2 |     1 |     5 ||     8
Evoke: Wand              |       |       |       |     1 ||     1
  Use: Scroll            |       |     6 |     3 |     8 ||    17
       Potion            |       |       |     1 |     2 ||     3
 Stab: Sleeping          |       |       |     2 |     1 ||     3
  Eat: Chunk             |     1 |    18 |    16 |    24 ||    59
       Ration            |       |       |       |     2 ||     2
Armor: Scale mail        |    34 |    69 |    48 |       ||   151
       Skin              |       |       |     1 |       ||     1
       Chain mail        |       |       |   111 |       ||   111
       Leather armour    |       |       |    12 |   109 ||   121
Dodge: Dodged            |    41 |   113 |   200 |   247 ||   601
       Rpst.: Falchion   |     9 |    34 |    52 |     5 ||   100
       Triple sword      |       |       |       |    41 ||    41
       Scimitar          |       |       |       |     9 ||     9

Table legend:
 A = Spawn XP
 B = Non-spawn XP
 C = Spawn XP percentage of total XP
 D = Spawn monster count
 E = Non-spawn monster count
 F = Spawn count percentage of total count
 G = Total turns spent on level
                    A         B        C        D         E        F      G
               +---------+---------+-------+---------+---------+-------+---------
         Total |       0 |   17384 |   0.0 |       0 |     289 |   0.0 | 12516
               +---------+---------+-------+---------+---------+-------+---------
           D:1 |       0 |      27 |   0.0 |       0 |      16 |   0.0 |   767
           D:2 |       0 |      80 |   0.0 |       0 |      23 |   0.0 |   699
           D:3 |       0 |     162 |   0.0 |       0 |      28 |   0.0 |   663
           D:4 |       0 |     340 |   0.0 |       0 |      21 |   0.0 |   634
           D:5 |       0 |     551 |   0.0 |       0 |      15 |   0.0 |   984
           D:6 |       0 |    1285 |   0.0 |       0 |      40 |   0.0 |  1687
           D:7 |       0 |    2032 |   0.0 |       0 |      30 |   0.0 |  1268
           D:8 |       0 |    1930 |   0.0 |       0 |      30 |   0.0 |  1556
           D:9 |       0 |    3124 |   0.0 |       0 |      32 |   0.0 |  1657
          D:10 |       0 |    3541 |   0.0 |       0 |      27 |   0.0 |  1193
          D:11 |       0 |    4312 |   0.0 |       0 |      27 |   0.0 |  1408
               +---------+---------+-------+---------+---------+-------+---------
